 Dungeon Crawl Stone Soup version 0.29.1-12-g30fa7ad0bf (webtiles) character file.

Game seed: 1127784560821217524

125 Oxelix the Conjurer (level 4, -1/24 HPs)
             Began as a Deep Elf Conjurer on Jan 3, 2023.
             Killed from afar by an orc wizard (6 damage)
             ... with a magic dart
             ... on level 3 of the Dungeon.
             The game lasted 00:10:24 (2609 turns).

Oxelix the Conjurer (Deep Elf Conjurer)             Turns: 2609, Time: 00:10:25

Health: -1/24      AC:  3    Str:  4    XL:     4   Next: 82%
Magic:  5/10       EV: 12    Int: 25    God:
Gold:   82         SH:  0    Dex: 13    Spells: 5/9 levels left

rFire   . . .      SeeInvis .   h - +0 dagger (protect)
rCold   . . .      Faith    .   (no shield)
rNeg    . . .      Spirit   .   a - +0 robe
rPois   .          Reflect  .   (no helmet)
rElec   .          Harm     .   (no cloak)
rCorr   .          Rampage  .   (no gloves)
Will    .....                   m - +0 pair of boots
Stlth   ++........              (no amulet)
HPRegen 0.08/turn               (no ring)
MPRegen 0.12/turn               (no ring)

@: no status effects
A: no striking features
a: no special abilities


You were on level 3 of the Dungeon.
You visited 1 branch of the dungeon, and saw 3 of its levels.

You collected 82 gold pieces.

Inventory:

Hand Weapons
 h - a +0 dagger of protection (weapon)
Armour
 a - a +0 robe (worn)
 m - a +0 pair of boots (worn)
Jewellery
 n - an amulet of regeneration
Scrolls
 c - 2 scrolls of summoning {unknown}
 d - 3 scrolls of enchant armour {unknown}
 f - a scroll of magic mapping {unknown}
 g - 2 scrolls of teleportation {unknown}
 o - a scroll of blinking {unknown}
Potions
 b - 3 potions of magic
 e - a potion of lignification {unknown}
 i - a potion of might {unknown}
 j - 2 potions of degeneration {unknown}
 k - a potion of haste {unknown}
 l - a potion of heal wounds {unknown}


   Skills:
 - Level 2.6 Dodging
 - Level 2.7 Stealth
 - Level 3.2 Spellcasting
 * Level 6.5 Conjurations


You had 5 spell levels left.
You knew the following spells:

 Your Spells              Type           Power      Damage    Failure   Level
a - Magic Dart            Conj           100%       1d8       1%          1
b - Dazzling Flash        Conj/Hex       40%        N/A       8%          3

Your spell library contained the following spells:

 Spells                   Type           Power      Damage    Failure   Level
 Searing Ray              Conj           74%        2d7       1%          2
 Ensorcelled Hibernation  Hex/Ice        8%         N/A       16%         2
 Passwall                 Tmut/Erth      3%         N/A       16%         2
 Fulminant Prism          Conj/Hex       10%        3d9       26%         4
 Iskenderun's Mystic Bla  Conj/Tloc      20%        2d6       26%         4
 Swiftness                Air            4%         N/A       30%         3


Dungeon Overview and Level Annotations

Branches:
Dungeon (3/15)

Altars:


Message History

The orc hits you but does no damage.
The orc wizard casts a spell at the orc.
The magic dart hits the orc.
Found 10 gold pieces.
The orc is no longer blind.
There is an open door here.
Casting: Dazzling Flash (quite dangerous; 8% risk of failure)
Confirm with . or Enter, or press ? or * to list all spells.
Aiming: Magic Dart (safe; 1% risk of failure)
Press: ? - help, Shift-Dir - straight line, f - orc
Aim: an orc, wielding a +0 club and wearing a +0 ring mail (almost dead, wandering, hasn't noticed you, 100% to hit)
The magic dart hits the orc but does no damage.
The orc is almost dead.
The orc hits you with a +0 club.
* * * LOW HITPOINT WARNING * * *
Casting: Magic Dart (safe; 1% risk of failure)
Confirm with . or Enter, or press ? or * to list all spells.
Aiming: Magic Dart (safe; 1% risk of failure)
Press: ? - help, Shift-Dir - straight line, f/p - orc
Aim: an orc, wielding a +0 club and wearing a +0 ring mail (almost dead, 100% to hit)
The magic dart hits the orc but does no damage.
The orc is almost dead.
The orc closely misses you.
Casting: Magic Dart (safe; 1% risk of failure)
Confirm with . or Enter, or press ? or * to list all spells.
Aiming: Magic Dart (safe; 1% risk of failure)
Press: ? - help, Shift-Dir - straight line, f/p - orc
Aim: an orc, wielding a +0 club and wearing a +0 ring mail (almost dead, 100% to hit)
The magic dart hits the orc.
You kill the orc!
An endoplasm comes into view.
The orc wizard mumbles some strange words.
The orc wizard flickers and vanishes!
Deactivating autopickup; reactivate with Ctrl-A.
The endoplasm moves out of view.
You see here 10 gold pieces.
A goblin comes into view. It is wielding a +0 dagger.
A magic dart appears from out of thin air!
The magic dart hits you.
You die...

#.......>.#.###.########
#.###.###..........o...#
####.###.# #.#.g...######.#
#........###.......# #.#
#.##.##)..........## #.#
#.##.##.########.## #.#
#.##.##.# #.# #.# #.##....# #.#
#.# #.#####o# ##@## #.# #.# #.#
##...## #o# #.#####.# ##....$##
#o## #{.o..o.# #J.....{##
#..#####
o.......####........o####......#
...........+.........')......#.#
.####...####.........####...##
.##.....# ##.......## ##.##
.##<###.# ##.....## ##


You could see an orc, an endoplasm (wandering) and a goblin (wandering).

Vanquished Creatures
  A hound (D:3)
  An orc wizard (D:3)
  2 adders (D:2)
  A worm (D:2)
  4 dart slugs
  An orc (D:3)
  3 endoplasms
  A giant cockroach (D:1)
  5 goblins
  5 hobgoblins
  4 quokkas
  2 ball pythons (D:1)
  3 bats
  2 kobolds
  6 rats
41 creatures vanquished.

Notes
Turn   | Place    | Note
-------+----------+-------------------------------------------
     0 | D:1      | Oxelix the Deep Elf Conjurer began the quest for the Orb.
     0 | D:1      | Reached XP level 1. HP: 10/10 MP: 6/6
   225 | D:1      | Reached XP level 2. HP: 15/15 MP: 5/8
   968 | D:1      | Reached skill level 5 in Conjurations
  1401 | D:2      | Reached XP level 3. HP: 19/19 MP: 5/9
  2195 | D:3      | Reached skill level 6 in Conjurations
  2195 | D:3      | Reached XP level 4. HP: 24/24 MP: 4/10
  2256 | D:3      | Learned a level 3 spell: Dazzling Flash
  2609 | D:3      | Killed from afar by an orc wizard

Illustrated notes

Levels and vault maps discovered:
D:1:      sevenhm_arrival_forest_fort_large_4, layout_loops_cross
D:2:      layout_basic
D:3:      layout_loops_corners

Skill      XL: |  1  2  3 |
---------------+----------+-----
Conjurations   | 5 6 |  6.5
Dodging        | |  2.6
Stealth        | |  2.7
Spellcasting   | |  3.2

Action                   |  1- 3 |  4- 6 || total
-------------------------+-------+-------++-------
 Cast: Magic Dart        |    81 |    22 ||   103
       Dazzling Flash    |       |     2 ||     2
  Use: Potion            |       |     1 ||     1
Armor: Robe              |       |     2 ||     2
Dodge: Dodged            |     5 |     5 ||    10
